SAAA
PHOENIX HOTSPUR RESERVES @ HOUSTON BC
09/17/2026
 
TOP OF THE 1ST
Phoenix Hotspur Reserves batting - Pitching for Houston BC : RHP Mark Collingwood
Pitching: RHP Mark Collingwood
Batting: RHB Jesús Álvarez 0-0: Ball
1-0: Fly out, F9 (Flyball, 9S)
Batting: LHB Luis Díaz 0-0: Ball
1-0: Swinging Strike
1-1: Swinging Strike
1-2: Ball
2-2: Ball
3-2: Foul Ball, location: 2F
3-2: Foul Ball, location: 2F
3-2: Foul Ball, location: 2F
3-2: SINGLE (Line Drive, 56)
Batting: RHB Alex Niemann 0-0: Called Strike
0-1: Swinging Strike
0-2: Strikes out swinging
Batting: LHB Francisco García 0-0: Called Strike
0-1: Ball
1-1: Swinging Strike
Balk!
Luis Díaz to second
1-2: Foul Ball, location: 2F
1-2: Ball
2-2: Strikes out swinging
Top of the 1st over - 0 run(s), 1 hit(s), 0 error(s), 1 left on base; Phoenix 0 - Houston 0
BOTTOM OF THE 1ST
Houston BC batting - Pitching for Phoenix Hotspur Reserves : LHP Alejandro Guerra
Pitching: LHP Alejandro Guerra
Batting: RHB Habbo Allaart 0-0: Ball
1-0: Called Strike
1-1: Fly out, F7 (Line Drive, 78D)
Batting: RHB Jesús Villalba 0-0: Ball
1-0: Called Strike
1-1: Foul Ball, location: 2F
1-2: Ball
2-2: Ball
3-2: SINGLE (Groundball, 56D)
Batting: RHB Yoshihito Samurakami 0-0: Ball
1-0: Swinging Strike
1-1: Ball
2-1: Foul Ball, location: 2F
2-2: Strikes out swinging
Jesús Villalba steals 2nd base
Batter strikes out.
Batting: RHB Alfredo Mojica 0-0: Ground out 4-3 (Groundball, 4)
Bottom of the 1st over - 0 run(s), 1 hit(s), 0 error(s), 1 left on base; Phoenix 0 - Houston 0
TOP OF THE 2ND
Phoenix Hotspur Reserves batting - Pitching for Houston BC : RHP Mark Collingwood
Batting: RHB Júlio Mateo 0-0: Ball
1-0: SINGLE (Groundball, 3D)
Batting: RHB Satoshi Terada 0-0: Ball
1-0: Called Strike
1-1: Foul Ball, location: 2F
1-2: Fly out, F8 (Flyball, 8LXD)
Batting: RHB Marc Meertens 0-0: Ball
1-0: SINGLE (Groundball, 6MD)
Júlio Mateo to second
Batting: SHB Jesús González 0-0: Ball
1-0: Foul Ball, location: 2F
1-1: Foul Ball, location: 2F
1-2: Ball
2-2: Ball
3-2: SINGLE (Groundball, 3D)
Júlio Mateo to third
Marc Meertens to second
Batting: RHB Hiwahikeiki Noelani 0-0: Ball
1-0: Foul Ball, location: 2F
1-1: Ball
2-1: Foul Ball, location: 2F
2-2: TRIPLE (Line Drive, 9LM)
Júlio Mateo scores
Marc Meertens scores
Jesús González scores
Batting: RHB Jesús Álvarez 0-0: Swinging Strike
0-1: Ball
1-1: Ball
2-1: Foul Ball, location: 2F
2-2: Ball
3-2: Foul Ball, location: 2F
3-2: Base on Balls
Batting: LHB Luis Díaz 0-0: Foul Ball, location: 2F
0-1: Ball
1-1: Called Strike
1-2: Ball
2-2: Foul Ball, location: 2F
2-2: Strikes out looking
Batting: RHB Alex Niemann 0-0: Ball
1-0: Fly out, F9 (Flyball, 9)
Top of the 2nd over - 3 run(s), 4 hit(s), 0 error(s), 2 left on base; Phoenix 3 - Houston 0
BOTTOM OF THE 2ND
Houston BC batting - Pitching for Phoenix Hotspur Reserves : LHP Alejandro Guerra
Batting: LHB Álex Ramírez 0-0: Called Strike
0-1: Ball
1-1: Ball
2-1: Foul Ball, location: 2F
2-2: Ball
3-2: Fly out, F7 (Flyball, 7D)
Batting: RHB Rodney Hanna 0-0: SINGLE (Flyball, 7S)
Batting: RHB Albert Delgado 0-0: Ball
1-0: Ball
2-0: Called Strike
2-1: Called Strike
2-2: Fly out, F6 (Popup, 56D)
Batting: RHB Dennis Morrow 0-0: Ball
Rodney Hanna is caught stealing 2nd base
Bottom of the 2nd over - 0 run(s), 1 hit(s), 0 error(s), 0 left on base; Phoenix 3 - Houston 0
TOP OF THE 3RD
Phoenix Hotspur Reserves batting - Pitching for Houston BC : RHP Mark Collingwood
Batting: LHB Francisco García 0-0: Ball
1-0: Ball
2-0: Called Strike
2-1: Swinging Strike
2-2: Ball
3-2: Strikes out swinging
Batting: RHB Júlio Mateo 0-0: Ball
1-0: Ball
2-0: Foul Ball, location: 2F
2-1: Swinging Strike
2-2: Strikes out swinging
Batting: RHB Satoshi Terada 0-0: Fly out, F9 (Line Drive, 9)
Top of the 3rd over - 0 run(s), 0 hit(s), 0 error(s), 0 left on base; Phoenix 3 - Houston 0
BOTTOM OF THE 3RD
Houston BC batting - Pitching for Phoenix Hotspur Reserves : LHP Alejandro Guerra
Batting: RHB Dennis Morrow 0-0: SOLO HOME RUN (Flyball, 8RD), Distance : 445 ft
Batting: RHB Ludovico Trezza 0-0: Foul Ball, location: 2F
0-1: Bunt missed!
0-2: Foul Ball, location: 2F
0-2: Ball
1-2: Ball
2-2: Ball
3-2: Ground out 5-3 (Groundball, 56)
Batting: RHB Habbo Allaart 0-0: Called Strike
0-1: SINGLE (Groundball, 25) (infield hit)
Batting: RHB Jesús Villalba 0-0: Called Strike
0-1: Ball
Wild Pitch!
Habbo Allaart to second
1-1: Called Strike
1-2: Foul Ball, location: 2F
1-2: Ball
2-2: Foul Ball, location: 2F
2-2: Foul Ball, location: 2F
2-2: Foul Ball, location: 2F
2-2: Foul Ball, location: 2F
2-2: Ball
3-2: Fly out, F8 (Flyball, 8LM)
Batting: RHB Yoshihito Samurakami 0-0: Ball
1-0: Foul Ball, location: 2F
1-1: Ball
2-1: Fly out, F8 (Flyball, 8LS)
Bottom of the 3rd over - 1 run(s), 2 hit(s), 0 error(s), 1 left on base; Phoenix 3 - Houston 1
TOP OF THE 4TH
Phoenix Hotspur Reserves batting - Pitching for Houston BC : RHP Mark Collingwood
Batting: RHB Marc Meertens 0-0: Ball
1-0: Ball
2-0: Ground out 1-3 (Groundball, 13S)
Batting: SHB Jesús González 0-0: Ball
1-0: Ball
2-0: Foul Ball, location: 2F
2-1: SINGLE (Groundball, 6MS) (infield hit)
Batting: RHB Hiwahikeiki Noelani 0-0: Grounds into double play, 4-6-3 (Groundball, 34)
Top of the 4th over - 0 run(s), 1 hit(s), 0 error(s), 0 left on base; Phoenix 3 - Houston 1
BOTTOM OF THE 4TH
Houston BC batting - Pitching for Phoenix Hotspur Reserves : LHP Alejandro Guerra
Batting: RHB Alfredo Mojica 0-0: Swinging Strike
0-1: Fly out, F8 (Flyball, 8RM)
Batting: LHB Álex Ramírez 0-0: Called Strike
0-1: Foul Ball, location: 2F
0-2: Ball
1-2: Strikes out looking
Batting: RHB Rodney Hanna 0-0: Called Strike
0-1: Ball
1-1: Ball
2-1: Ground out 3-1 (Groundball, 34)
Bottom of the 4th over - 0 run(s), 0 hit(s), 0 error(s), 0 left on base; Phoenix 3 - Houston 1
TOP OF THE 5TH
Phoenix Hotspur Reserves batting - Pitching for Houston BC : RHP Mark Collingwood
Batting: RHB Jesús Álvarez 0-0: Fly out, F4 (Flyball, 34D)
Batting: LHB Luis Díaz 0-0: Foul Ball, location: 2F
0-1: Foul Ball, location: 2F
0-2: Ball
1-2: Ball
2-2: Fly out, F7 (Flyball, 7D)
Batting: RHB Alex Niemann 0-0: Called Strike
0-1: Swinging Strike
0-2: Fly out, F8 (Flyball, 8RM)
Top of the 5th over - 0 run(s), 0 hit(s), 0 error(s), 0 left on base; Phoenix 3 - Houston 1
BOTTOM OF THE 5TH
Houston BC batting - Pitching for Phoenix Hotspur Reserves : LHP Alejandro Guerra
Batting: RHB Albert Delgado 0-0: Ball
1-0: Called Strike
1-1: Ball
2-1: SINGLE (Line Drive, 7S)
Batting: RHB Dennis Morrow 0-0: Ball
1-0: Ball
2-0: Called Strike
2-1: Ball
3-1: Grounds into double play, 4-6-3 (Groundball, 4)
Batting: RHB Ludovico Trezza 0-0: Called Strike
0-1: Fly out, F3 (Popup, 3S)
Bottom of the 5th over - 0 run(s), 1 hit(s), 0 error(s), 0 left on base; Phoenix 3 - Houston 1
TOP OF THE 6TH
Phoenix Hotspur Reserves batting - Pitching for Houston BC : RHP Mark Collingwood
Batting: LHB Francisco García 0-0: Called Strike
0-1: Ball
1-1: Ball
2-1: Called Strike
2-2: Ball
3-2: Strikes out swinging
Batting: RHB Júlio Mateo 0-0: Called Strike
0-1: Foul Ball, location: 2F
0-2: Ball
1-2: Fly out, F7 (Flyball, 7LM)
Batting: RHB Satoshi Terada 0-0: Called Strike
0-1: Ball
1-1: Swinging Strike
1-2: SINGLE (Groundball, 4MD)
Pitching: LHP Carlos Méndez
Batting: RHB Marc Meertens Pickoff Throw to First - Out!
Top of the 6th over - 0 run(s), 1 hit(s), 0 error(s), 0 left on base; Phoenix 3 - Houston 1
BOTTOM OF THE 6TH
Houston BC batting - Pitching for Phoenix Hotspur Reserves : LHP Alejandro Guerra
Batting: RHB Habbo Allaart 0-0: Ball
1-0: Foul Ball, location: 2F
1-1: Ball
2-1: Ball
3-1: Base on Balls
Batting: RHB Jesús Villalba 0-0: Called Strike
0-1: Foul Ball, location: 2F
0-2: Fielders Choice at 2nd, 1-4 (Groundball, 15)
Batting: RHB Yoshihito Samurakami 0-0: Called Strike
0-1: Ball
1-1: Ball
2-1: Ball
3-1: Fly out, F4 (Popup, 4D)
Batting: RHB Alfredo Mojica 0-0: Called Strike
0-1: Foul Ball, location: 2F
0-2: Strikes out swinging
Bottom of the 6th over - 0 run(s), 0 hit(s), 0 error(s), 1 left on base; Phoenix 3 - Houston 1
TOP OF THE 7TH
Phoenix Hotspur Reserves batting - Pitching for Houston BC : LHP Carlos Méndez
Batting: RHB Marc Meertens 0-0: Ball
1-0: Called Strike
1-1: Swinging Strike
1-2: Strikes out swinging
Batting: SHB Jesús González 0-0: Foul Ball, location: 2F
0-1: Ball
1-1: Ball
2-1: Foul Ball, location: 2F
2-2: Ball
3-2: Foul Ball, location: 2F
3-2: Fly out, F8 (Line Drive, 78D)
Now in LF: Raúl Trevino
Batting: RHB Hiwahikeiki Noelani 0-0: Ball
1-0: Ball
2-0: Called Strike
2-1: Foul Ball, location: 2F
2-2: Foul Ball, location: 2F
2-2: Foul Ball, location: 2F
2-2: Foul Ball, location: 2F
2-2: Foul Ball, location: 2F
2-2: Ball
3-2: Base on Balls
Batting: RHB Jesús Álvarez 0-0: Ball
1-0: Called Strike
1-1: Called Strike
1-2: Ball
2-2: Foul Ball, location: 2F
2-2: Strikes out swinging
Top of the 7th over - 0 run(s), 0 hit(s), 0 error(s), 1 left on base; Phoenix 3 - Houston 1
BOTTOM OF THE 7TH
Houston BC batting - Pitching for Phoenix Hotspur Reserves : LHP Alejandro Guerra
Batting: LHB Álex Ramírez 0-0: Swinging Strike
0-1: Ball
1-1: Ball
2-1: Foul Ball, location: 2F
2-2: Ball
3-2: Strikes out swinging
Batting: LHB Raúl Trevino 0-0: Fly out, F1 (Line Drive, 13S)
Batting: RHB Albert Delgado 0-0: Foul Ball, location: 2F
0-1: Ball
1-1: Ball
2-1: DOUBLE (Line Drive, 8LXD)
Pitching: RHP Bob Cook
Batting: RHB Dennis Morrow 0-0: Ball
1-0: Called Strike
1-1: Foul Ball, location: 2F
1-2: Foul Ball, location: 2F
1-2: Foul Ball, location: 2F
1-2: DOUBLE (Line Drive, 78XD)
Albert Delgado scores
Pinch Hitting: LHB Jim Unknown 0-0: Foul Ball, location: 2F
0-1: Fly out, F8 (Flyball, 8RD)
Bottom of the 7th over - 1 run(s), 2 hit(s), 0 error(s), 1 left on base; Phoenix 3 - Houston 2
TOP OF THE 8TH
Phoenix Hotspur Reserves batting - Pitching for Houston BC : LHP Carlos Méndez
Now at 1B: Jim Unknown
Batting: LHB Luis Díaz 0-0: Called Strike
0-1: Foul Ball, location: 2F
0-2: Foul Ball, location: 2F
0-2: Foul Ball, location: 2F
0-2: Ball
1-2: Fly out, F7 (Flyball, 7LS)
Batting: RHB Alex Niemann 0-0: SINGLE (Groundball, 56D)
Batting: LHB Francisco García 0-0: Ball
1-0: Foul Ball, location: 2F
1-1: Ball
2-1: Ball
3-1: Swinging Strike
3-2: Base on Balls
Alex Niemann to second
Batting: RHB Júlio Mateo 0-0: Foul Ball, location: 2F
0-1: Ball
1-1: Foul Ball, location: 2F
1-2: Strikes out swinging
Batting: RHB Satoshi Terada 0-0: Ball
1-0: Fly out, F9 (Flyball, 9)
Top of the 8th over - 0 run(s), 1 hit(s), 0 error(s), 2 left on base; Phoenix 3 - Houston 2
BOTTOM OF THE 8TH
Houston BC batting - Pitching for Phoenix Hotspur Reserves : RHP Bob Cook
Pitching: RHP Alin Oanta
Now at 1B: Pepe Reyes
Now in LF: Wilson Castillo
Batting: RHB Habbo Allaart 0-0: Ball
1-0: Ball
2-0: Swinging Strike
2-1: Swinging Strike
2-2: Strikes out swinging, 2-3 out at first.
Batting: RHB Jesús Villalba 0-0: Foul Ball, location: 2F
0-1: Called Strike
0-2: Foul Ball, location: 2F
0-2: Ball
1-2: Fly out, F7 (Flyball, 7)
Batting: RHB Yoshihito Samurakami 0-0: Called Strike
0-1: Ball
1-1: Called Strike
1-2: Fly out, F6 (Popup, 56D)
Bottom of the 8th over - 0 run(s), 0 hit(s), 0 error(s), 0 left on base; Phoenix 3 - Houston 2
TOP OF THE 9TH
Phoenix Hotspur Reserves batting - Pitching for Houston BC : LHP Carlos Méndez
Batting: RHB Marc Meertens 0-0: Called Strike
0-1: Ball
1-1: Ball
2-1: Ball
3-1: Called Strike
3-2: SINGLE (Line Drive, 9LS)
Pitching: RHP Katsuyoshi Takuda
Batting: SHB Jesús González 0-0: Bunted foul
0-1: Sac Bunt - play at first, batter OUT! 1-4
Marc Meertens to second
Pinch Hitting: SHB Roberto López 0-0: Intentional Walk
Batting: RHB Jesús Álvarez 0-0: Ground out U3 (Groundball, 3S)
Marc Meertens to third
Roberto López to second
Batting: LHB Luis Díaz 0-0: Called Strike
0-1: Foul Ball, location: 2F
0-2: Strikes out looking
Top of the 9th over - 0 run(s), 1 hit(s), 0 error(s), 2 left on base; Phoenix 3 - Houston 2
BOTTOM OF THE 9TH
Houston BC batting - Pitching for Phoenix Hotspur Reserves : RHP Alin Oanta
Pitching: RHP Gabriel Hernández
Now in CF: Billy Strauss
Batting: RHB Alfredo Mojica 0-0: Ball
1-0: Called Strike
1-1: Swinging Strike
1-2: Strikes out swinging
Batting: LHB Álex Ramírez 0-0: Ball
1-0: Ball
2-0: Foul Ball, location: 2F
2-1: SINGLE (Flyball, 8LS)
Batting: LHB Raúl Trevino 0-0: Ball
1-0: Foul Ball, location: 2F
1-1: Fielders Choice at 2nd, 4-6 (Groundball, 4D)
Pinch Hitting: RHB Alfredo Rivera 0-0: Ball
1-0: Fly out, F5 (Line Drive, 5L)
Bottom of the 9th over - 0 run(s), 1 hit(s), 0 error(s), 1 left on base; Phoenix 3 - Houston 2
Monday, March 20th, 2017 - OOTP Baseball 17.12 Build 75